AoeStats
← Hakka

Nomad

511024662Analyzed
4v4 RM · 4h ago on Oct 3, 2026· 48m 11s· 8 players
Game mode
Random Map
Map size
231×231
Population
200
Speed
Normal
Resources
Standard
Victory
Conquest
Starting age
Dark Age
Ending age
Imperial Age
RankedLock teamsTeams togetherTeam positionsShared explorationLock speedFull tech treeHidden civsTurbo modeCheats
Victory
Defeat
🇨🇳 Armenians · China
1381
+16
🇳🇿 Italians · New Zealand
1364
+17
🇨🇳 Varangians · China
1364
+17
🇩🇪 Wu · Germany
1330
+18
🇨🇳 Turks · China
1477
-21
🇨🇳 Persians · China
1393
-18
🇨🇳 Varangians · China
1390
-17
🇨🇳 Magyars · China
1262
-12
The Long Dark
4:34 Loom
15:33 Feudal Age
17:49 Double-Bit Axe
20:24 Castle Age
19:03 Gold Mining
20:00 Fletching
25:08 Horse Collar
26:27 Fishing Lines
27:38 Stone Mining
29:39 Wheelbarrow
28:50 Town Watch
29:49 Bow Saw
30:10 Gillnets
31:31 Bodkin Arrow
36:03 Imperial Age
34:09 Forging
34:48 Ballistics
34:39 Clinker Construction
34:40 Careening
37:28 Conscription
36:35 Elite Jarl
38:38 Scale Barding Armor
39:08 Iron Casting
42:29 Bloodlines
42:19 Husbandry
42:25 Caravan
42:50 Carvel Hull
45:53 Chain Barding Armor
46:33 Blast Furnace
47:51 Heavy Plow
JayJayNico
6:10 Loom
13:13 Feudal Age
18:07 Castle Age
16:25 Double-Bit Axe
19:20 Bow Saw
19:16 Fletching
20:24 Bodkin Arrow
21:55 Padded Archer Armor
26:41 Leather Archer Armor
27:18 Gold Mining
28:11 Wheelbarrow
28:10 Ballistics
31:27 Thumb Ring
33:42 Town Watch
35:19 Elite Skirmisher
36:22 Horse Collar
37:55 Light Cavalry
38:47 Bloodlines
38:37 Husbandry
40:01 Scale Barding Armor
41:33 Heavy Plow
44:22 Imperial Age
43:06 Hand Cart
42:56 Stone Mining
44:09 Chain Barding Armor
44:00 Forging
45:17 Stone Shaft Mining
45:26 Conscription
45:07 Bracer
46:16 Chemistry
44:57 Treadmill Crane
45:28 Masonry
45:57 Ring Archer Armor
46:04 Plate Barding Armor
45:34 Squires
45:21 Arson
48:21 Iron Casting
47:46 Scale Mail Armor
47:52 Scale Mail Armor
49:02 Chain Mail Armor
Hakka
3:00 Loom
13:33 Feudal Age
13:39 Man-at-Arms
14:45 Long Swordsman
15:13 Arson
15:19 Town Watch
15:47 Scale Mail Armor
16:26 Forging
17:01 Double-Bit Axe
20:08 Wheelbarrow
25:05 Castle Age
26:18 Fletching
27:35 Stone Mining
28:53 Hand Cart
29:35 Bodkin Arrow
33:02 Padded Archer Armor
38:05 Imperial Age
40:12 Gold Mining
40:35 Bow Saw
40:41 Bow Saw
40:47 Bracer
41:04 Leather Archer Armor
41:28 Conscription
43:38 Ring Archer Armor
42:46 Elite Composite Bowman
43:19 Two-Handed Swordsman
43:45 Gambesons
44:01 Squires
44:59 Chain Mail Armor
44:42 Horse Collar
46:43 Chemistry
46:04 Ballistics
46:34 Plate Mail Armor
JJOkocha
9:28 Loom
12:52 Feudal Age
15:08 Fletching
20:56 Castle Age
21:53 Gold Mining
23:11 Wheelbarrow
23:02 Guard Tower
23:18 Bodkin Arrow
32:23 Gold Shaft Mining
31:39 Stone Mining
31:43 Horse Collar
32:59 Hand Cart
37:28 Imperial Age
36:51 Bloodlines
36:41 Husbandry
37:34 Heavy Hei Guang Cavalry
38:40 Scale Barding Armor
38:46 Forging
39:58 Conscription
40:34 Chain Barding Armor
40:49 Iron Casting
42:23 Heavy Plow
43:15 Plate Barding Armor
43:41 Blast Furnace
42:29 Double-Bit Axe
43:37 Bracer
46:28 Blast Furnace
45:29 Padded Archer Armor
47:16 Light Cavalry
48:50 Ballistics
49:30 Chemistry
摆烂pia
4:56 Loom
14:51 Feudal Age
18:36 Castle Age
16:41 Double-Bit Axe
20:24 Bow Saw
22:30 Medium Warships
22:06 Horse Collar
24:10 Wheelbarrow
25:35 Scale Mail Armor
25:43 Scale Barding Armor
29:29 Bloodlines
30:19 Chain Barding Armor
31:13 Husbandry
33:01 Hand Cart
33:07 Forging
33:28 Heavy Plow
38:22 Imperial Age
37:23 Town Watch
40:00 Conscription
41:05 Conscription
40:27 Elite Jarl
42:23 Plate Barding Armor
43:49 Iron Casting
46:27 Blast Furnace
脱脱迷失
10:17 Loom
14:21 Feudal Age
18:47 Castle Age
24:19 Double-Bit Axe
32:34 Imperial Age
30:06 Horse Collar
32:10 Padded Archer Armor
33:33 Leather Archer Armor
36:36 Ring Archer Armor
42:06 Bow Saw
see
3:31 Loom
12:39 Feudal Age
13:46 Double-Bit Axe
15:43 Wheelbarrow
18:11 Fletching
30:24 Castle Age
28:15 Town Watch
38:20 Castle Age
41:48 Bow Saw
49:44 Imperial Age
chunfeng
13:46 Feudal Age
17:43 Castle Age
15:48 Double-Bit Axe
15:52 Loom
16:04 Stone Mining
18:24 Fishing Lines
Connection lost

Rejoining the realm…

Still unreachable

The connection could not be restored.

Session expired

The server has moved on; the page needs a fresh start.